AoeStats
← Orca17

Arabia

504092477Analyzed
1v1 RM · 1mo ago on Sep 3, 2026· 12m 16s· 2 players
Game mode
Random Map
Map size
Tiny (2 player)
Population
200
Speed
Normal
Resources
Standard
Victory
Conquest
Starting age
Dark Age
Ending age
Imperial Age
RankedLock teamsTeams togetherTeam positionsShared explorationLock speedFull tech treeHidden civsTurbo modeCheats
Victory
Defeat
🇯🇴 Shu · Jordan
2359
+9
🇩🇪 Portuguese · Germany
2206
-9
Orca17
5:55 Loom
9:08 Feudal Age
9:44 Double-Bit Axe
9:55 Horse Collar
mouri
6:32 Loom
9:12 Feudal Age
9:17 Man-at-Arms
9:44 Double-Bit Axe
Connection lost

Rejoining the realm…

Still unreachable

The connection could not be restored.

Session expired

The server has moved on; the page needs a fresh start.